 Dungeon Crawl Stone Soup version 0.29-a0-451-gfbfa42419e (webtiles) character file.

Game seed: 10594811947076104828

107 acebull12 the Sneak (level 5, 0/31 HPs)
             Began as a Kobold Brigand on May 19, 2022.
             Slain by Robin
             ... wielding a +3 dagger of freezing
              (2 damage)
             ... on level 3 of the Dungeon.
             The game lasted 00:04:28 (3195 turns).

acebull12 the Sneak (Kobold Brigand)                Turns: 3195, Time: 00:04:28

Health: 0/31       AC:  3    Str: 10    XL:     5   Next: 11%
Magic:  5/5        EV: 14    Int: 13    God:
Gold:   154        SH:  0    Dex: 16    Spells: 4/4 levels left

rFire   + . .      SeeInvis .   v - +4 dagger of Zeskyeni {pain, rF+}
rCold   . . .      Faith    .   (no shield)
rNeg    . . .      Spirit   .   b - +0 robe
rPois   .          Reflect  .   o - +0 helmet
rElec   .          Harm     .   p - scarf {shadows}
rCorr   .          Rampage  .   (no gloves)
Will    .....                   (no boots)
Stlth   +++++.....              (no amulet)
HPRegen 0.10/turn               (no ring)
MPRegen 0.09/turn               (no ring)

@: no status effects
A: small, no large weapons, nightstalker 3
a: no special abilities


You were on level 3 of the Dungeon.
You visited 1 branch of the dungeon, and saw 3 of its levels.

You collected 154 gold pieces.

Inventory:

Hand Weapons
 a - a +2 dagger
 v - the +4 dagger of Zeskyeni (weapon) {pain, rF+}
   (You found it on level 2 of the Dungeon)

   In the hands of one skilled in necromantic magic, it inflicts extra damage on
   living creatures.
   rF:        It protects you from fire.
Missiles
 d - 9 poisoned darts (quivered)
 e - 3 curare-tipped darts
Armour
 b - a +0 robe (worn)
 c - a +0 cloak
 o - a +0 helmet (worn)
 p - a scarf of shadows (worn)
Wands
 x - a wand of mindburst (14)
Scrolls
 f - a scroll of fog {unknown}
 g - a scroll of teleportation {unknown}
 i - a scroll of brand weapon {unknown}
 l - a scroll of fear {unknown}
 m - a scroll of blinking {unknown}
 n - 2 scrolls of identify {unknown}
 r - a scroll of enchant weapon {unknown}
 s - 2 scrolls of vulnerability {unknown}
Potions
 h - 2 potions of might {unknown}
 j - 2 potions of brilliance {unknown}
 k - a potion of mutation {unknown}
 q - a potion of degeneration {unknown}
 t - a potion of flight {unknown}
 u - a potion of lignification {unknown}
 w - a potion of haste {unknown}


   Skills:
 * Level 2.7 Fighting
 * Level 3.2 Short Blades
 - Level 2.1 Throwing
 + Level 1.8 Dodging
 * Level 7.4 Stealth
 * Level 0.8 Necromancy


You had 4 spell levels left.
You didn't know any spells.
Your spell library contained the following spells:

 Spells                   Type           Power      Damage    Failure   Level
 Conjure Flame            Conj/Fire      0%         6-21      67%         3
 Ignite Poison            Fire/Tmut/Pois 0%         N/A       67%         3
 Airstrike                Air            0%         N/A       97%         4
 Cause Fear               Hex            0%         N/A       97%         4
 Sticky Flame             Conj/Fire      0%         2d3       97%         4
 Summon Lightning Spire   Summ/Air       0%         N/A       97%         4
 Lightning Bolt           Conj/Air       0%         1d11      100%        5
 Dragon Form              Tmut           0%         N/A       100%        7
 Dragon's Call            Summ           0%         N/A       100%        9


Dungeon Overview and Level Annotations

Branches:
Dungeon (3/15)

Altars:

Shops:
D:1 ?   D:3 !

Annotations:
D:3 1 runed translucent door, Robin


Innate Abilities, Weirdness & Mutations

You are small and have problems with some larger weapons.
You are completely attuned to the shadows.


Message History

Robin roars a battlecry!
The hobgoblins go into a battle-frenzy!
You hit the hobgoblin.
You kill the hobgoblin!
Robin says, "My goblins will feast on your bones."
You hit the goblin.
You kill the goblin!
You hit the hobgoblin.
The hobgoblin writhes in agony.
The hobgoblin is heavily wounded.
The hobgoblin hits you.
You closely miss the hobgoblin.
The hobgoblin is heavily wounded.
You hit the hobgoblin.
You kill the hobgoblin!
Robin says, "My goblins will feast on your bones."
You closely miss Robin.
Robin hits you with a +3 dagger of freezing.
Robin freezes you.
You barely miss Robin.
Robin hits you with a +3 dagger of freezing.
Robin freezes you.
You hit Robin.
Robin is lightly wounded.
Robin hits you with a +3 dagger of freezing.
Robin freezes you.
You are too injured to fight recklessly!
You are too injured to fight recklessly!
You are too injured to fight recklessly!
You hit Robin.
Robin is moderately wounded.
Robin hits you with a +3 dagger of freezing.
* * * LOW HITPOINT WARNING * * *
Robin freezes you.
* * * LOW HITPOINT WARNING * * *
Robin attacks as you move away! Robin completely misses you.
Robin attacks as you move away!
Robin hits you with a +3 dagger of freezing.
* * * LOW HITPOINT WARNING * * *
Robin freezes you.
You die...

.†...##.#
................
..#.###.#
........########
#..∩....#
#######.#
###.#..## #.#
....##.#
#...#####.#
.##.##.#
#...##....# #.#
#...##.###### #.#
+...).......#
#.##.#
#!@.###.....#
#..#.# #+##g..#
####### ##.#.#
...g####
#...####...)'..
##.....#....###
#...).#....#
##>...# ##...#
###### #..)#
#....#############


You could see Robin and a hobgoblin (strong).

Vanquished Creatures
  3 adders
  2 dart slugs (D:2)
  2 worms (D:3)
  An orc (D:3)
  An endoplasm (D:2)
  5 giant cockroaches
  10 goblins
  9 hobgoblins
  3 jackals (D:2)
  2 quokkas
  6 ball pythons
  6 bats
  4 frilled lizards
  7 kobolds
  6 rats
67 creatures vanquished.

Vanquished Creatures (others)
  34 plants (D:2)
34 creatures vanquished.

Grand Total: 101 creatures vanquished

Notes
Turn   | Place    | Note
-------+----------+-------------------------------------------
     0 | D:1      | acebull12 the Kobold Brigand began the quest for the Orb.
     0 | D:1      | Reached XP level 1. HP: 12/12 MP: 1/1
   285 | D:1      | Reached XP level 2. HP: 17/17 MP: 2/2
   334 | D:1      | Reached skill level 6 in Stealth
   675 | D:1      | Found Honnit's Magic Scroll Shoppe.
   797 | D:1      | Found a faded altar of an unknown god.
  1136 | D:2      | Reached XP level 3. HP: 21/21 MP: 3/3
  2147 | D:2      | Reached XP level 4. HP: 27/27 MP: 4/4
  2152 | D:2      | Reached skill level 7 in Stealth
  2195 | D:2      | Identified the +4 dagger of Zeskyeni {pain, rF+}
  2853 | D:3      | Found Fyne's Distillery.
  2902 | D:3      | Found a runed translucent door.
  3159 | D:3      | Reached XP level 5. HP: 29/31 MP: 5/5
  3176 | D:3      | Noticed Robin
  3195 | D:3      | Slain by Robin

Illustrated notes

Levels and vault maps discovered:
D:1:      heliophobic_arrival_enchanted_forest, layout_basic, serial_shops,
          shop, shapermc_ecumenical_altar_mp_vishouse,
          hangedman_decor_diamond_cutter, minmay_tiny_reverse_x
D:2:      layout_basic, st_stairs_8, grunt_ministairs_15, serial_bayou_lagoon_a
D:3:      layout_basic, serial_shops, nicolae_shop_crystal,
          serial_co_window_serial, co_window_paths_b, co_window_paths_a,
          co_window_corner_a, co_window_of_opportunity_a, co_window_paths_a,
          co_window_broadway_a, co_window_corner_b, co_window_broadway_b,
          co_window_broadway_c, roderic_batcave, uniq_robin,
          uniq_crazy_yiuf_cottage

Skill      XL: |  1  2  3  4 |
---------------+-------------+-----
Stealth        | 6 7 |  7.4
Short Blades   | 3 |  3.2
Fighting       | |  2.7
Throwing       | |  2.1
Dodging        | |  1.8
Necromancy     | |  0.8

Action                   |  1- 3 |  4- 6 || total
-------------------------+-------+-------++-------
Melee: Dagger            |    97 |    41 ||   138
       Punch             |       |     1 ||     1
 Stab: Sleeping          |    22 |    12 ||    34
       Distracted        |       |     1 ||     1
Armor: Robe              |    17 |     3 ||    20
Dodge: Dodged            |    56 |    11 ||    67

Table legend: (Time is in decaauts)
 A = Elapsed time spent in this place.
 B = Non-inter-level travel time spent in this place.
 C = Inter-level travel time spent in this place.
 D = Time resting spent in this place.
 E = Time spent auto-exploring this place.
 F = Levels seen in this place.
 G = Mean time per level.
                   A        B        C        D        E       F      G
               +--------+--------+--------+--------+--------+-----+--------+
         Total |   3192 |   2860 |    332 |      0 |   2475 |   3 | 1064.0 |
       Dungeon |   3192 |   2860 |    332 |      0 |   2475 |   3 | 1064.0 |
               +--------+--------+--------+--------+--------+-----+--------+

Top non-repeatable levels by time:
     D:2: 1591 daAuts
     D:1: 1099 daAuts
     D:3: 501 daAuts
